 Dungeon Crawl Stone Soup version 0.21.1-1-g345015f (webtiles) character file.

587 Zhenya24pyc the Cudgeler (level 7, -2/44 HPs)
             Began as a Gargoyle Fighter on Feb 8, 2018.
             Slain by an ogre
             ... wielding a cursed -2 giant club
              (25 damage)
             ... on level 5 of the Dungeon.
             The game lasted 00:08:03 (3455 turns).

Zhenya24pyc the Cudgeler (Gargoyle Fighter)         Turns: 3455, Time: 00:08:05

Health: -2/44      AC: 13    Str: 21    XL:     7   Next: 38%
Magic:  7/7        EV:  8    Int:  9    God:
Gold:   257        SH:  9    Dex:  9    Spells: 6/6 levels left

rFire    . . .     SeeInvis .   a - +0 flail
rCold    . . .     Gourm    .   c - +0 shield
rNeg     + . .     Faith    .   b - +0 scale mail
rPois    ∞         Spirit   .   k - +0 helmet
rElec    +         Reflect  .   (no cloak)
rCorr    .         Harm     .   q - +0 pair of gloves
MR       .....                  (no boots)
Stlth    ..........             u - amulet of regeneration
HPRegen  0.54/turn              (no ring)
MPRegen  0.10/turn              (no ring)

@: no status effects
A: negative energy resistance 1, electricity resistance, unbreathing,
petrification resistance, rot immunity, AC +4
a: no special abilities


You were on level 5 of the Dungeon.
You were not hungry.

You visited 1 branch of the dungeon, and saw 5 of its levels.

You collected 257 gold pieces.

Inventory:

Hand Weapons
 a - a +0 flail (weapon)
Armour
 b - a +0 scale mail (worn)
 c - a +0 shield (worn)
 k - a +0 helmet (worn)
 q - a +0 pair of gloves (worn)
Jewellery
 u - an amulet of regeneration (around neck)
Scrolls
 g - a scroll of blinking {unknown}
 l - 2 scrolls of identify {unknown}
 n - a scroll of enchant armour {unknown}
 s - 5 scrolls of teleportation
Potions
 d - a potion of might
 e - a potion of magic {unknown}
 h - a potion of lignification {unknown}
 i - a potion of agility {unknown}
 j - a potion of haste {unknown}
 m - a potion of curing {unknown}
 t - a potion of heal wounds {unknown}
 z - 2 potions of flight {unknown}
Books
 p - a book of Debilitation

   Spells                             Type                      Level
   a - Corona                         Hexes                        1
   b - Slow                           Hexes                        2
   c - Inner Flame                    Hexes/Fire                   3
   d - Portal Projectile              Hexes/Translocation          3
   e - Cause Fear                     Hexes                        4
   f - Leda's Liquefaction            Hexes/Earth                  4
Comestibles
 f - 7 rations


   Skills:
 + Level 5.5 Fighting
 * Level 6.1 Maces & Flails
 - Level 3.2 Armour
 + Level 2.0 Dodging
 - Level 3.2 Shields


You had 6 spell levels left.
You didn't know any spells.

Dungeon Overview and Level Annotations

Branches:
Dungeon (5/15)
 Temple: D:4-7

Altars:
Gozag
Nemelex Xobeh


Innate Abilities, Weirdness & Mutations

You are resistant to torment.
Your stone body is resilient. (AC +4)
You are immune to poison.
You resist negative energy. (rN+)
You are resistant to electric shocks. (rElec)
You can survive without breathing.
You are immune to petrification.
You are immune to rotting.


Message History

You are too injured to fight recklessly!
You are too injured to fight recklessly!
You are too injured to fight recklessly!
You are too injured to fight recklessly!
You barely miss the ogre.
The ogre is lightly wounded.
The jackal bites you but does no damage.
You block the adder's attack. The jackal completely misses you.
The ogre misses you. The adder completely misses you.
You barely miss the ogre.
The ogre is lightly wounded.
You block the jackal's attack. You block the adder's attack.
The ogre misses you. You block the jackal's attack.
You sock the ogre!
The ogre is moderately wounded.
You block the adder's attack.
The jackal bites you but does no damage.
The adder closely misses you. The ogre hits you with a giant club!!
Ouch! That really hurt!
You die...

#.### #.....$..# #.# #
#..⌠≈≈⌠..########.# #
+..≈≈≈§..+........# # ##
+..≈≈§≈..+........### .#
#..⌠≈≈⌠..#........#.# .#
#..$.....#........#.. .#
#..WhS...#........#.# .#
#.######### #@O# #........#.# .#
#.........###..# ####+###.#.# .#
########......## ###.###.#.# .#
###........+................ .#
#..........#########.##.##.#
.#####..>........................
.....'.......#####.....##.#.....#
.#####.......# #.....##.##.##.#
.# ###.###.#####.....+........#


You could see a phantom, an ogre, an adder and a jackal.

Vanquished Creatures
  2 phantoms (D:4)
  A crimson imp (D:5)
  An orc priest (D:5)
  An iguana (D:5)
  4 worker ants
  Terence (D:2)
  A worker ant zombie (D:5)
  A howler monkey skeleton (D:5)
  6 adders
  3 gnolls (D:5)
  2 oozes
  3 worms
  3 dart slugs
  6 orcs
  A ball python (D:2)
  5 giant cockroaches
  8 hobgoblins
  5 quokkas
  9 bats
  3 frilled lizards
  9 goblins
  5 kobolds
  7 rats
87 creatures vanquished.

Notes
Turn   | Place    | Note
-------+----------+-------------------------------------------
     0 | D:1      | Zhenya24pyc the Gargoyle Fighter began the quest for the Orb.
     0 | D:1      | Reached XP level 1. HP: 14/14 MP: 1/1
   136 | D:1      | Reached XP level 2. HP: 19/19 MP: 2/2
   385 | D:1      | You fall through a shaft!
   446 | D:1      | Reached skill level 3 in Maces & Flails
   446 | D:1      | Reached XP level 3. HP: 24/24 MP: 3/3
  1278 | D:2      | Noticed Terence
  1299 | D:2      | Killed Terence
  1299 | D:2      | Reached XP level 4. HP: 22/29 MP: 4/4
  1638 | D:3      | Reached skill level 4 in Maces & Flails
  1643 | D:3      | Found an opulent altar of Gozag.
  1824 | D:3      | Reached XP level 5. HP: 28/34 MP: 5/5
  2240 | D:4      | Found a sparkling altar of Nemelex Xobeh.
  2471 | D:4      | Noticed a phantom
  2547 | D:4      | Killed a phantom
  2547 | D:4      | Reached skill level 5 in Maces & Flails
  2547 | D:4      | Reached XP level 6. HP: 36/40 MP: 6/6
  2604 | D:4      | Reached skill level 1 in Dodging
  2645 | D:4      | Noticed a phantom
  2680 | D:4      | Killed a phantom
  2680 | D:4      | Reached skill level 5 in Fighting
  2796 | D:5      | Entered Level 5 of the Dungeon
  2858 | D:5      | Reached XP level 7. HP: 40/44 MP: 7/7
  3099 | D:5      | Reached skill level 6 in Maces & Flails
  3455 | D:5      | Slain by an ogre

Skill      XL: |  1  2  3  4  5  6  7 |
---------------+----------------------+-----
Maces & Flails | 3 4 5 6 |  6.1
Fighting       | 4 5 |  5.5
Dodging        | 1 2 |  2.0
Armour         | |  3.2
Shields        | |  3.2

Action                   |  1- 3 |  4- 6 |  7- 9 || total
-------------------------+-------+-------+-------++-------
Melee: Flail             |   130 |   251 |    83 ||   464
  Use: Scroll            |       |     8 |       ||     8
  Eat: Chunk             |     1 |     6 |     2 ||     9
Armor: Scale mail        |    73 |   120 |    36 ||   229
Dodge: Dodged            |    30 |    65 |    38 ||   133
Block: Shield            |    51 |   117 |    35 ||   203
